 Seeded DCSS version 0.29.1-15-g9cfb28693d (webtiles) character file.

Game seed: 3152401777773660666 (custom seed)

2 Mickster the Firebug (level 1, -2/16 HPs)
             Began as a Demigod Wanderer on May 2, 2023.
             Slain by a hobgoblin (3 damage)
             ... on level 1 of the Dungeon.
             The game lasted 00:01:30 (89 turns).

Mickster the Firebug (Demigod Wanderer)               Turns: 89, Time: 00:01:31

Health: -2/16      AC:  3    Str: 13    XL:     1   Next: 26%
Magic:  4/4        EV: 12    Int: 17    God:
Gold:   15         SH:  0    Dex: 10    Spells: 2/2 levels left

rFire   . . .      SeeInvis .   a - +0 club
rCold   . . .      Faith    .   (no shield)
rNeg    . . .      Spirit   .   c - +0 robe
rPois   .          Reflect  .   d - +0 helmet
rElec   .          Harm     .   (no cloak)
rCorr   .          Rampage  .   (no gloves)
Will    .....                   (no boots)
Stlth   +.........              (no amulet)
HPRegen 0.05/turn               (no ring)
MPRegen 0.09/turn               (no ring)

@: no status effects
A: high MP 1, forlorn, divine attributes
a: no special abilities


You were on level 1 of the Dungeon.
You visited 1 branch of the dungeon, and saw 1 of its levels.

You collected 15 gold pieces.

Inventory:

Hand Weapons
 a - a +0 club (weapon)
Armour
 c - a +0 robe (worn)
 d - a +0 helmet (worn)
Scrolls
 f - a scroll of magic mapping
Potions
 b - a potion of curing


   Skills:
 + Level 1.0 Fighting
 + Level 1.0 Armour
 + Level 1.7 Dodging
 + Level 1.0 Spellcasting
 + Level 1.7 Hexes
 + Level 2.9 Fire Magic


You had 2 spell levels left.
You didn't know any spells.
Your spell library contained the following spells:

 Spells                   Type           Power      Damage    Failure   Level
 Slow                     Hex            24%        N/A       11%         1
 Foxfire                  Conj/Fire      20%        2x1d5     12%         1
 Dazzling Flash           Conj/Hex       6%         N/A       41%         3
 Flame Wave               Conj/Fire      5%         2d5       75%         4
 Sticky Flame             Conj/Fire      5%         2d3       75%         4


Dungeon Overview and Level Annotations

Branches:
Dungeon (1/15)


Innate Abilities, Weirdness & Mutations

You have an increased reservoir of magic. (+10% MP)
You shall have no god before yourself.
Your divine heritage dramatically boosts your attributes as you level up.


Message History

The endoplasm quivers.
You hear an angry hiss.
A hobgoblin comes into view.
The hobgoblin shouts!
You barely miss the hobgoblin. The hobgoblin barely misses you.
The hobgoblin closely misses you.
You hit the hobgoblin. Your punch misses the hobgoblin.
The hobgoblin is moderately wounded.
The hobgoblin hits you. The endoplasm barely misses you.
The hobgoblin hits you but does no damage.
You hit the hobgoblin.
The hobgoblin is heavily wounded.
A bat comes into view.
The hobgoblin closely misses you. The endoplasm freezes you.
You are frozen.
The hobgoblin hits you but does no damage.
The endoplasm barely misses you. The hobgoblin closely misses you.
You hit the hobgoblin but do no damage.
The hobgoblin is moderately wounded.
The hobgoblin closely misses you.
The endoplasm hits you but does no damage.
The hobgoblin barely misses you. The endoplasm misses you.
The hobgoblin barely misses you.
You closely miss the hobgoblin.
The hobgoblin is moderately wounded.
The hobgoblin barely misses you. The endoplasm freezes you.
You are frozen.
The endoplasm misses you. The hobgoblin barely misses you.
The hobgoblin hits you.
You hit the hobgoblin but do no damage.
The hobgoblin is moderately wounded.
The hobgoblin hits you. The hobgoblin closely misses you.
The endoplasm freezes you.
You are frozen.
The endoplasm freezes you.
You are frozen.
* * * LOW HITPOINT WARNING * * *
The hobgoblin hits you.
You die...

########## #...
.........# #..#
.........# #..#
.........# #..#
.........# #..
.........######.#
..............#.####.#
...............g@Jb..#
.........####.#ggJ.###
.........# #.gw#......
⌠.########
#...###.#.... ~......
#....#[###.## ~......
#...#[#(#.... ⌠..###.
#..###)#..#.. ⌠..#
....#.###.... ~..#


You could see a dart slug, 2 endoplasms, 4 hobgoblins and a bat.

Vanquished Creatures
  2 bats (D:1)
2 creatures vanquished.

Vanquished Creatures (others)
  A fungus (D:1)
  2 plants (D:1)
3 creatures vanquished.

Grand Total: 5 creatures vanquished

Notes
Turn   | Place    | Note
-------+----------+-------------------------------------------
     0 | D:1      | Mickster the Demigod Wanderer began the quest for the Orb.
     0 | D:1      | Mickster set off with the following items: a +0 club, a
                  | potion of curing, a +0 robe, a +0 helmet; and the following
                  | spells available to memorise: Slow, Foxfire, Dazzling
                  | Flash, Flame Wave, Sticky Flame.
     0 | D:1      | Reached XP level 1. HP: 16/16 MP: 4/4
    89 | D:1      | Slain by a hobgoblin

Illustrated notes

Levels and vault maps discovered:
D:1:      minmay_arrival_three_doors, layout_basic,
          shapermc_ecumenical_altar_acropolis,
          amcnicky_mini_rare_corridor_liquid, minmay_pentomino_x4

Action                   || total
-------------------------++-------
Melee: Club              ||    28
  Use: Scroll            ||     1
Armor: Robe              ||    16
Dodge: Dodged            ||    32
